 Dungeon Crawl Stone Soup version 0.23-a0-183-gf37f6fb (webtiles) character file.

167 epen the Slasher (level 5, -4/42 HPs)
             Began as a Formicid Monk on Sept 23, 2018.
             Was a Believer of Okawaru.
             Slain by Ijyb
             ... wielding a +0 trident
              (8 damage)
             ... on level 3 of the Dungeon.
             The game lasted 00:03:19 (2464 turns).

epen the Slasher (Formicid Monk)                    Turns: 2464, Time: 00:03:20

Health: -4/42      AC:  2    Str: 15 (17) XL:     5   Next: 76%
Magic:  6/6        EV: 13    Int:  7 (9)  God:    Okawaru [**....]
Gold:   81         SH:  0    Dex: 12 (13) Spells: 4/4 levels left

rFire    + . .     SeeInvis +   a - +0 falchion
rCold    + . .     Gourm    .   (no shield)
rNeg     . . .     Faith    .   b - +0 robe
rPois    +         Spirit   .   (helmet unavailable)
rElec    +         Reflect  .   (no cloak)
rCorr    +         Harm     .   (no gloves)
MR       .....                  (no boots)
Stlth    ++........             (no amulet)
HPRegen  0.14/turn              (no ring)
MPRegen  0.10/turn              (no ring)

@: resistant, flying
A: permanent stasis, dig shafts and tunnels, four strong arms, antennae 3
a: Dig, Shaft Self, Heroism, Renounce Religion


You were on level 3 of the Dungeon.
You worshipped Okawaru.
Okawaru was pleased with you.
You were hungry.

You visited 1 branch of the dungeon, and saw 3 of its levels.

You collected 81 gold pieces.

Inventory:

Hand Weapons
 a - a +0 falchion (weapon)
Armour
 b - a +0 robe (worn)
Scrolls
 d - a scroll of fear {unknown}
 e - 2 scrolls of remove curse {unknown}
 f - 2 scrolls of fog {unknown}
 g - a scroll of immolation {unknown}
 i - 2 scrolls of teleportation {unknown}
 j - 3 scrolls of identify {unknown}
 l - a scroll of enchant armour {unknown}
 m - 2 scrolls of amnesia {unknown}
 n - a scroll of noise {unknown}
Potions
 h - a potion of resistance
 k - a potion of flight
Comestibles
 c - 3 rations
 o - 5 chunks of flesh


   Skills:
 + Level 4.0 Fighting
 * Level 4.2 Long Blades
 + Level 1.9 Armour
 + Level 3.3 Dodging
 - Level 2.4 Stealth
 + Level 1.9 Invocations


You had 4 spell levels left.
You didn't know any spells.
Your spell library contained the following spells:

 Spells                   Type           Power        Failure   Level  Hunger
 Magic Dart               Conj           #...         43%         1    ##.....
 Searing Ray              Conj           #.....       56%         2    ###....
 Dazzling Spray           Conj/Hex       #.....       80%         3    ####...
 Force Lance              Conj/Tloc      #.......     99%         4    #####..
 Fulminant Prism          Conj/Hex       #.........   99%         4    #####..
 Iskenderun's Mystic Bla  Conj           #.......     99%         4    #####..


Dungeon Overview and Level Annotations

Branches:
Dungeon (3/15)

Altars:
Okawaru
Ru

Annotations:
D:3 Ijyb


Innate Abilities, Weirdness & Mutations

You cannot be hasted, slowed, berserked, paralysed or teleported.
You can dig through walls and to a lower floor.
Your four strong arms can wield two-handed weapons with a shield.
You have a pair of large antennae on your head. (SInv)


Message History

Ijyb is lightly wounded.
Ijyb misses you.
You riposte.
You miss Ijyb.
Ijyb is lightly wounded.
It was a potion of resistance.
You feel protected.
Ijyb zaps a wand.
You resist with some effort. Ijyb screams, "Me kill you!"
Ijyb zaps a wand.
You resist with some effort.
It was a potion of flight.
You feel very buoyant.
You fly up into the air.
Ijyb closely misses you.
It was a potion of degeneration.
There was something very wrong with that liquid.
You feel weakened.
You feel dopey.
You feel clumsy. Ijyb hits you with a trident.
* * * LOW HITPOINT WARNING * * *
Are you sure you want to shaft yourself?
You are feeling hungry.
Ijyb zaps a wand.
You resist with some effort. Ijyb hits you with a trident!
You die...

#.......... #...........
#####...........
................
................
..........>.....
................
##.................
#..........@.......
#..........g........#
#####..........†.....)..#
#............[..........#
#.......................#
#.......................####
#................$.........
#.............#............
#.............#............


You could see Ijyb.

Vanquished Creatures
  Robin (D:3)
  4 gnolls
  3 adders (D:2)
  2 oozes
  2 worms
  A dart slug (D:1)
  2 leopard geckos
  An orc (D:3)
  3 ball pythons (D:2)
  2 giant cockroaches (D:1)
  17 goblins
  9 hobgoblins
  2 jackals (D:2)
  7 kobolds
  A quokka (D:3)
  6 bats
  4 frilled lizards
  3 rats (D:1)
70 creatures vanquished.

Notes
Turn   | Place    | Note
-------+----------+-------------------------------------------
     0 | D:1      | epen the Formicid Monk began the quest for the Orb.
     0 | D:1      | Reached XP level 1. HP: 18/18 MP: 1/1
    80 | D:1      | Reached XP level 2. HP: 24/24 MP: 2/2
   445 | D:1      | Reached skill level 1 in Armour
   445 | D:1      | Reached XP level 3. HP: 29/29 MP: 3/3
   763 | D:1      | You fall through a shaft!
   763 | D:2      | Found an iron altar of Okawaru.
   765 | D:2      | Became a worshipper of Warmaster Okawaru
   765 | D:2      | Reached * piety under Okawaru
   765 | D:2      | Reached ** piety under Okawaru
  1020 | D:2      | Found a sacrificial altar of Ru.
  1078 | D:2      | Reached XP level 4. HP: 24/37 MP: 4/4
  1313 | D:2      | Found a faded altar of an unknown god.
  1370 | D:2      | Reached skill level 1 in Invocations
  1907 | D:2      | Reached XP level 5. HP: 41/42 MP: 5/5
  2203 | D:3      | Noticed Robin
  2216 | D:3      | Killed Robin
  2443 | D:3      | Noticed Ijyb
  2464 | D:3      | Slain by Ijyb

Vault maps used:
D:1:      scummos_arrival_forest
D:2:      minmay_diamond_boxcup, old_standard_altar,
          chequers_ecumenical_altar_simple, nicolae_ru_awakened_eye
D:3:      uniq_ijyb, uniq_robin

Skill      XL: |  1  2  3  4  5 |
---------------+----------------+-----
Armour         | 1 |  1.9
Dodging        | 3 |  3.3
Invocations    | 1 |  1.9
Long Blades    | 4 |  4.2
Fighting       | 4 |  4.0
Stealth        | |  2.4

Action                   |  1- 3 |  4- 6 || total
-------------------------+-------+-------++-------
Melee: Falchion          |    72 |   134 ||   206
Invok: Heroism           |       |     1 ||     1
 Abil: Dig               |     1 |       ||     1
       Shaft Self        |       |     1 ||     1
  Use: Potion            |       |     3 ||     3
 Stab: Sleeping          |     9 |     3 ||    12
       Distracted        |       |     1 ||     1
  Eat: Chunk             |       |     5 ||     5
Armor: Robe              |    23 |    19 ||    42
Dodge: Dodged            |    53 |   107 ||   160
       Rpst.: Falchion   |    15 |    35 ||    50

Table legend:
 A = Non-vault XP
 B = Vault XP
 C = Vault XP percentage of total XP
 D = Non-vault monster count
 E = Vault monster count
 F = Vault count percentage of total count
                 A         B        C        D         E       F
            +---------+---------+-------+---------+---------+-------
      Total |     171 |      68 |  28.5 |      49 |      21 |  30.0
            +---------+---------+-------+---------+---------+-------
        D:1 |      43 |       0 |   0.0 |      20 |       0 |   0.0
        D:2 |      68 |      30 |  30.6 |      17 |       8 |  32.0
        D:3 |      60 |      38 |  38.8 |      12 |      13 |  52.0
            +---------+---------+-------+---------+---------+-------
